 Dungeon Crawl Stone Soup version 0.28.0-1-gb440e238dd (webtiles) character file.

Game seed: 8415074299097228258

29 Sanktem7 the Skirmisher (level 3, 0/34 HPs)
             Began as a Minotaur Fighter on Feb 19, 2022.
             Succumbed to a kobold's poison
             ... on level 2 of the Dungeon.
             The game lasted 00:01:01 (1120 turns).

Sanktem7 the Skirmisher (Minotaur Fighter)          Turns: 1120, Time: 00:01:02

Health: 0/34       AC:  7    Str: 22    XL:     3   Next: 1%
Magic:  2/2        EV:  9    Int:  5    God:
Gold:   24         SH:  4    Dex:  9    Spells: 2/2 levels left

rFire   . . .      SeeInvis .   a - +0 long sword
rCold   . . .      Faith    .   c - +0 buckler
rNeg    . . .      Spirit   .   b - +0 scale mail
rPois   .          Reflect  .   (helmet restricted)
rElec   .          Harm     .   (no cloak)
rCorr   .          Rampage  .   (no gloves)
Will    .....                   (no boots)
Stlth   ..........              (no amulet)
HPRegen 0.11/turn               (no ring)
MPRegen 0.08/turn               (no ring)

@: lethally poisoned (0 -> -1)
A: horns 2, retaliatory headbutt
a: no special abilities


You were on level 2 of the Dungeon.
You visited 1 branch of the dungeon, and saw 2 of its levels.

You collected 24 gold pieces.

Inventory:

Hand Weapons
 a - a +0 long sword (weapon)
Armour
 b - a +0 scale mail (worn)
 c - a +0 buckler (worn)
Jewellery
 j - an amulet of guardian spirit
Scrolls
 h - a scroll of immolation {unknown}
 l - a scroll of identify {unknown}
Potions
 d - a potion of might
 e - 2 potions of mutation {unknown}
 f - a potion of curing {unknown}
 g - a potion of lignification {unknown}
 i - a potion of resistance {unknown}
 k - a potion of haste {unknown}


   Skills:
 * Level 4.3 Fighting
 * Level 3.3 Long Blades
 * Level 3.9 Armour
 - Level 3.6 Shields


You had 2 spell levels left.
You didn't know any spells.
Your spell library contained the following spells:

 Spells                   Type           Power      Damage    Failure   Level
 Slow                     Hex            0%         N/A       87%         1
 Confusing Touch          Hex            0%         N/A       99%         3
 Stone Arrow              Conj/Erth      0%         3d7       99%         3
 Vampiric Draining        Necr           0%         2d6       99%         3
 Animate Armour           Summ/Erth      0%         N/A       100%        4
 Lehudib's Crystal Spear  Conj/Erth      0%         10d2      100%        8


Dungeon Overview and Level Annotations

Branches:
Dungeon (2/15)

Altars:


Innate Abilities, Weirdness & Mutations

You have a pair of horns on your head.
You reflexively headbutt those who attack you in melee.


Message History

You are poisoned.
You closely miss the kobold.
You feel very sick. The kobold hits you but does no damage.
You are more poisoned.
The kobold hits you with a +1 dagger of venom.
You are lethally poisoned!
You barely miss the kobold. You headbutt the kobold.
You kill the kobold!
You feel very sick.
You have reached level 3!
Your experience leads to an increase in your attributes!
Increase (S)trength, (I)ntelligence, or (D)exterity?
You feel stronger. x2
There is a lethal amount of poison in your body!
There is a lethal amount of poison in your body!
There is a lethal amount of poison in your body!
Unknown command.
You feel very sick.
Things that are here:
a +1 dagger of venom; 2 stones You feel very sick.
* * * LOW HITPOINT WARNING * * *
You feel sick.
* * * LOW HITPOINT WARNING * * *
You feel sick.
* * * LOW HITPOINT WARNING * * *
You feel sick.
* * * LOW HITPOINT WARNING * * *
You feel sick.
* * * LOW HITPOINT WARNING * * *
You feel sick.
* * * LOW HITPOINT WARNING * * *
You feel sick.
* * * LOW HITPOINT WARNING * * *
You feel sick.
Found a ring mail.
* * * LOW HITPOINT WARNING * * *
You feel sick.
You die...

#. ... #. [. #.###.#
#.....# # ##.....##.#
.. +..........
....##.....##.#
.......@......#
..#####.###.### ####.#
# #+# ##....# #.# #.#
#.....#...# #.#
#.#.....#.#
##.###....#....#
#>#####...#..#.....#.#
#.............)###...#


There were no monsters in sight!

Vanquished Creatures
  3 endoplasms (D:1)
  3 hobgoblins
  4 quokkas (D:1)
  3 bats (D:1)
  3 frilled lizards
  5 goblins
  3 kobolds
  2 rats (D:1)
26 creatures vanquished.

Notes
Turn   | Place    | Note
-------+----------+-------------------------------------------
     0 | D:1      | Sanktem7 the Minotaur Fighter began the quest for the Orb.
     0 | D:1      | Reached XP level 1. HP: 19/19 MP: 0/0
   142 | D:1      | Reached skill level 4 in Fighting
   142 | D:1      | Reached XP level 2. HP: 23/27 MP: 1/1
  1110 | D:2      | Reached XP level 3. HP: 19/34 MP: 2/2
  1119 | D:2      | HP: 1/34 [poisoned by a kobold]
  1120 | D:2      | Succumbed to a kobold's poison

Illustrated notes

Levels and vault maps discovered:
D:1:      saegor_arrival_simple_c, layout_loops_ring, minmay_misc_feat_pillars
D:2:      layout_loops_corners, dilly_ecumenical_altar_fadedgnrine, basic_altar,
          minmay_misc_feat_five

Skill      XL: |  1  2 |
---------------+-------+-----
Fighting       | 4 |  4.3
Long Blades    | 3 |  3.3
Armour         | |  3.9
Shields        | |  3.6

Action                   || total
-------------------------++-------
Melee: Long sword        ||    58
       Headbutt          ||     6
Armor: Scale mail        ||    30
Dodge: Dodged            ||    29
Block: Buckler           ||    15
